 Dungeon Crawl Stone Soup version 0.31-a0-1111-ga3525b893c (webtiles) character file.

Game seed: 6374397450482572224

1581454 PaperRat the Battlemage (level 27, 238/238 HPs)
             Began as a Ghoul Earth Elementalist on Dec 3, 2023.
             Was an Elder of Vehumet.
             Escaped with the Orb
             ... and 3 runes!
             The game lasted 06:35:34 (80308 turns).

PaperRat the Battlemage (Ghoul Earth Elementalist) Turns: 80308, Time: 06:35:35

Health: 238/238    AC: 21    Str: 20      XL:     27
Magic:  30/40      EV: 29    Int: 25 (26) God:    Vehumet [****..]
Gold:   2917       SH:  0    Dex: 14      Spells: 7/54 levels left

rFire   + + +        w - staff of earth
rCold   + + +        e - sphere of Battle
rNeg    + + +        v - +4 skin of Zhor {*Englaciate rC+++ SInv}
rPois   ∞            m - +2 hat of the Bear Spirit {Spirit, Bear, *Rage Will++}
rElec   +            U - +0 cloak "Lysup" {rF++}
rCorr   .            H - +5 pair of gloves of the Blind Marksman {rElec Will+ Str-4}
SInv    +            O - +4 pair of boots of Mank {rF+ Str+8 Int-2}
Will    +++++        f - amulet of magic regeneration
Stlth   ++           y - ring "Cotaxal" {Int+6 Dex+3}
HPRegen 0.59/turn    x - ring of the Hare {EV+10}
MPRegen 0.67/turn

%: guardian spirit
@: no status effects
A: claws 1, cold resistance 1, negative energy resistance 3, inhibited
regeneration, torment resistance 2, devour on kill
0: Orb of Zot
}: 3/15 runes: decaying, serpentine, silver
a: Renounce Religion


You escaped.
You worshipped Vehumet.
Vehumet was greatly pleased with you.
You visited 10 branches of the dungeon, and saw 48 of its levels.
You also visited: Gauntlet, Ice Cave, Volcano and Wizlab.

You collected 9136 gold pieces.
You spent 6219 gold pieces at shops.

Inventory:

Hand Weapons
 a - a +9 demon whip of electrocution
 q - a +7 dagger of electrocution
Missiles
 F - 6 curare-tipped darts (quivered)
 J - 2 darts of dispersal
 S - 5 throwing nets {!f}
Armour
 e - the sphere of Battle (worn)
   (You found it on level 15 of the Dungeon)

   Battle:    It summons a battlesphere in combat, with strength depending on
   Conjurations skill.
   Destructive: It enhances your destructive magic, and weakens non-destructive
   magic.
 m - the +2 hat of the Bear Spirit (worn) {Spirit, Bear, *Rage Will++}
   (You found it on level 3 of the Elven Halls)

   Bear:      Going berserk makes the wearer exceptionally tough, and they are
   slowed for a shorter time afterward.
   Will++:    It greatly increases your willpower.
   *Rage:     It berserks you when you make melee attacks (+20% chance).
 v - the +4 skin of Zhor (worn) {*Englaciate rC+++ SInv}
   (You bought it in a shop on level 2 of the Orcish Mines)

   *Englaciate: It radiates cold, occasionally slowing all nearby creatures who
   are not resistant to cold.
   rC+++:     It renders you almost immune to cold.
   SInv:      It lets you see invisible.
 H - the +5 pair of gloves of the Blind Marksman (worn) {rElec Will+ Str-4}
   (You found it in a Gauntlet)

   Str-4:     It affects your strength (-4).
   rElec:     It insulates you from electricity.
   Will+:     It increases your willpower.
 O - the +4 pair of boots of Mank (worn) {rF+ Str+8 Int-2}
   (You found it on level 1 of the Snake Pit)

   Str+8:     It affects your strength (+8).
   Int-2:     It affects your intelligence (-2).
   rF+:       It protects you from fire.
 U - the +0 cloak "Lysup" (worn) {rF++}
   (You acquired it on level 4 of the Depths)

   rF++:      It greatly protects you from fire.
Magical Staves
 w - a staff of earth (weapon)
Jewellery
 f - an amulet of magic regeneration (around neck)
 x - the ring of the Hare (right hand) {EV+10}
   (You found it on level 3 of the Elven Halls)

   [ring of evasion]

   EV+10:     It affects your evasion (+10).
 y - the ring "Cotaxal" (left hand) {Int+6 Dex+3}
   (You found it on level 5 of the Realm of Zot)

   [ring of intelligence]

   Int+6:     It affects your intelligence (+6).
   Dex+3:     It affects your dexterity (+3).
 L - a ring of resist corrosion
 W - a ring of protection from fire
 Y - the amulet "Laudorgho" {Faith rN+ Int+3}
   (You found it on level 1 of the Orcish Mines)

   [amulet of faith]

   Faith:     It allows you to gain divine favour quickly.
   Int+3:     It affects your intelligence (+3).
   rN+:       It protects you from negative energy.
Wands
 b - a wand of iceblast (47)
 c - a wand of acid (4)
 d - a wand of digging (13)
 n - a wand of charming (21)
 z - a wand of mindburst (57)
Scrolls
 h - 2 scrolls of torment
 j - 5 scrolls of fear {@r4}
 k - 12 scrolls of fog {@r2}
 o - 2 scrolls of amnesia
 p - 13 scrolls of teleportation {@r3}
 r - 3 scrolls of vulnerability
 t - 6 scrolls of immolation
 G - 5 scrolls of butterflies {@r6}
 I - 8 scrolls of poison
 T - 4 scrolls of blinking {@r5}
Potions
 g - 6 potions of cancellation
 i - 5 potions of enlightenment {@q6}
 s - 25 potions of curing {@q1}
 u - 6 potions of might {@q3}
 D - 16 potions of ambrosia
 E - 4 potions of magic
 K - a potion of resistance
 M - 3 potions of invisibility
 N - 7 potions of haste {@q4}
 Q - 8 potions of heal wounds {@q2}
 R - 4 potions of brilliance {@q5}
Miscellaneous
 B - a phantom mirror (inert)
 C - a condenser vane
 V - a lightning rod (4/4)
 X - a box of beasts
 Z - a phial of floods


   Skills:
 - Level 18.0 Fighting
 - Level 8.0 Short Blades
 - Level 10.7(12.0) Maces & Flails
 - Level 8.7(11.0) Staves
 - Level 8.0 Armour
 + Level 13.7 Dodging
 + Level 14.7 Stealth
 - Level 5.0 Shields
 - Level 14.0 Spellcasting
 + Level 14.3 Conjurations
 - Level 14.0 Summonings
 - Level 8.0 Necromancy
 - Level 3.0 Translocations
 - Level 7.0 Transmutations
 - Level 5.0 Ice Magic
 - Level 2.0 Air Magic
 - Level 18.0 Earth Magic
 - Level 18.5 Invocations
 + Level 15.4 Evocations


You had 7 spell levels left.
You knew the following spells:

 Your Spells              Type           Power      Damage    Failure   Level
a - Stone Arrow           Conj/Erth      100%       3d13      0%          3
b - Spellforged Servitor  Conj/Summ      46%        N/A       2%          7
c - Freezing Cloud        Conj/Ice/Air   34%        6-21      1%          5
d - Lehudib's Crystal Sp  Conj/Erth      60%        10d14     8%          8
f - Lee's Rapid Deconstr  Erth           63%        3d29*     1%          5
g - Passwall              Tmut/Erth      56%        N/A       1%          2
s - Bombard               Conj/Erth      60%        9d10      1%          6
t - Blink                 Tloc           32%        N/A       1%          2
v - Petrify               Tmut/Erth      68%        N/A       1%          4
x - Borgnjor's Vile Clut  Necr/Erth      35%        N/A       1%          5

Your spell library contained the following spells:

 Spells                   Type           Power      Damage    Failure   Level
 Shatter                  Erth           63%        3d47*     45%         9
 Magic Dart               Conj           100%       1d8       0%          1
 Sandblast                Erth           100%       2d20      0%          1
 Summon Small Mammal      Summ           100%       N/A       0%          1
 Searing Ray              Conj           100%       2d8       0%          2
 Apportation              Tloc           32%        N/A       1%          1
 Foxfire                  Conj/Fire      100%       2x1d9     1%          1
 Freeze                   Ice            100%       1d10      1%          1
 Kiss of Death            Conj/Necr      100%       2d13      1%          1
 Necrotise                Necr           100%       1d9       1%          1
 Ensorcelled Hibernation  Hex/Ice        30%        N/A       1%          2
 Lesser Beckoning         Tloc           32%        N/A       1%          2
 Momentum Strike          Conj/Tloc      100%       3d10      1%          2
 Poisonous Vapours        Pois/Air       66%        N/A       1%          2
 Static Discharge         Conj/Air       100%       3-8/arc   1%          2
 Call Canine Familiar     Summ           43%        N/A       1%          3
 Dazzling Flash           Conj/Hex       100%       N/A       1%          3
 Frozen Ramparts          Ice            100%       1d16      1%          3
 Hailstorm                Conj/Ice       78%        3d16      1%          3
 Mephitic Cloud           Conj/Pois/Air  61%        N/A       1%          3
 Ozocubu's Armour         Ice            21%        N/A       1%          3
 Summon Guardian Golem    Hex/Summ       26%        N/A       1%          3
 Vampiric Draining        Necr           28%        2d8       1%          3
 Volatile Blastmotes      Fire/Tloc      74%        2d16      1%          3
 Animate Armour           Summ/Erth      100%       N/A       1%          4
 Brom's Barrelling Bould  Conj/Erth      100%       2d11      1%          4
 Flame Wave               Conj/Fire      68%        2d15      1%          4
 Fulminant Prism          Conj/Hex       34%        3d16      1%          4
 Iskenderun's Mystic Bla  Conj/Tloc      74%        2d15      1%          4
 Leda's Liquefaction      Hex/Erth       29%        N/A       1%          4
 Sticky Flame             Conj/Fire      68%        2d8       1%          4
 Summon Ice Beast         Ice/Summ       32%        N/A       1%          4
 Summon Lightning Spire   Summ/Air       28%        N/A       1%          4
 Arcjolt                  Conj/Air       36%        1d46      1%          5
 Fireball                 Conj/Fire      34%        3d14      1%          5
 Iskenderun's Battlesphe  Conj           93%        2d14      1%          5
 Summon Cactus Giant      Summ           21%        N/A       1%          6
 Gell's Gravitas          Tloc           16%        N/A       2%          3
 Inner Flame              Hex/Fire       26%        N/A       2%          3
 Teleport Other           Tloc           16%        N/A       2%          3
 Summon Forest            Summ/Tloc      15%        N/A       2%          5
 Orb of Destruction       Conj           46%        9d12      2%          7
 Agony                    Necr           28%        N/A       3%          5
 Jinxbite                 Hex            16%        N/A       4%          2
 Swiftness                Air            13%        N/A       4%          3
 Airstrike                Air            20%        2d(3-19)  4%          4
 Summon Mana Viper        Hex/Summ       26%        N/A       4%          5
 Conjure Ball Lightning   Conj/Air       36%        3x3d12    4%          6
 Anguish                  Hex/Necr       9%         N/A       6%          4
 Yara's Violent Unravell  Hex/Tmut       25%        3d11      6%          5
 Starburst                Conj/Fire      34%        6d10      7%          6
 Monstrous Menagerie      Summ           21%        N/A       9%          7
 Summon Hydra             Summ           21%        N/A       9%          7
 Tukima's Dance           Hex            8%         N/A       10%         3
 Passage of Golubria      Tloc           16%        N/A       10%         4
 Vhi's Electric Charge    Tloc/Air       30%        N/A       12%         4
 Eringya's Noxious Bog    Tmut/Pois      25%        4d6       28%         6
 Cause Fear               Hex            4%         N/A       32%         4
 Simulacrum               Ice/Necr       12%        N/A       34%         6
 Plasma Beam              Fire/Air       16%        2x1d28    58%         6
 Ozocubu's Refrigeration  Ice            29%        4d14      63%         7
 Enfeeble                 Hex            4%         N/A       100%        7
 Discord                  Hex            4%         N/A       100%        8
 Disjunction              Tloc           8%         N/A       100%        8
 Maxwell's Capacitive Co  Air            20%        ∞         100%        8
 Dragon's Call            Summ           21%        N/A       100%        9
 Polar Vortex             Ice            29%        12d3*     100%        9


Dungeon Overview and Level Annotations

Branches:
Dungeon (15/15)            Temple (1/1) D:6            Lair (5/5) D:10
  Swamp (4/4) Lair:3        Snake (4/4) Lair:3        Slime (0/5) Lair:5
    Orc (2/2) D:10            Elf (3/3) Orc:2        Vaults (5/5) D:13
  Crypt (0/3) Vaults:2     Depths (4/4) D:15            Zot (5/5) Depths:4
  IceCv (visited)         Volcano (visited)          WizLab (visited)
Gauntlet (visited)

Altars:
Ashenzari
Cheibriados
Dithmenos
Fedhas
Gozag
Hepliaklqana
Kikubaaqudgha
Makhleb
Nemelex Xobeh
Okawaru
Qazlal
Ru
Sif Muna
Trog
Uskayaw
Vehumet
Wu Jian
Xom
Yredelemnul
Jiyva

Shops:
D:6 :   D:8 [   D:11 *   Orc:2 ?[:=[!:[   Elf:1 =   Elf:2 [(   Elf:3 *
Vaults:3 *   Vaults:5 ??   Depths:1 (

Portals:
Hell: Depths:1 Depths:2 Depths:3 Depths:4
Abyss: Lair:1 Depths:2 Depths:3
Pandemonium: Depths:1 Depths:2
Ziggurat: Depths:3


Innate Abilities, Weirdness & Mutations

You are immune to poison.
You have sharp fingernails.
Your flesh is cold resistant. (rC+)
You are immune to negative energy. (rN+++)
You do not regenerate when monsters are visible.
You are immune to unholy pain and torment.
You thrive by killing the living.


Message History

Casting: Bombard (mildly dangerous; 1% risk of failure)
Confirm with . or Enter, or press ? or * to list all spells.
Aiming: Freezing Cloud (mildly dangerous; 1% risk of failure)
Press: ? - help, Dir - move target, f/p - cherub
Aim: a cherub, wielding a +1 flail of flaming and wearing a +0 robe (ally target, haloed)
You feel a surge of power!
Your battlesphere fires!
The barrage of energy hits the cherub!
The cherub is lightly wounded.
Your spellforged servitor is engulfed in freezing vapours.
The cherub is engulfed in freezing vapours.
The cherub unwields a +1 flail of flaming.
It stops flaming.
The cherub wields a +0 shortbow.
The cherub shoots an arrow.
The arrow hits your spellforged servitor!
Casting: Freezing Cloud (mildly dangerous; 1% risk of failure)
Confirm with . or Enter, or press ? or * to list all spells.
Aiming: Borgnjor's Vile Clutch (mildly dangerous; 1% risk of failure)
Press: ? - help, Shift-Dir - straight line, f/p - cherub
Aim: a cherub, wielding a +0 shortbow and wearing a +0 robe (freezing vapour, moderately wounded, ally target, haloed, 100% to hit)
Your spellforged servitor is unaffected.
Zombie hands grab the cherub.
The zombie hands constrict the cherub!
Your spellforged servitor is engulfed in freezing vapours.
Your spellforged servitor points at the cherub and mumbles some strange words.
The crystal spear hits the cherub!!!
The cherub dies!
Vehumet accepts your kill.
You start resting.
Your spellforged servitor is engulfed in freezing vapours.
A large abomination comes into view.
Okay, then.
Your spellforged servitor is engulfed in freezing vapours.
Your spellforged servitor points at the large abomination and mumbles some strange words.
The crystal spear hits the large abomination!!
Your spellforged servitor points at the large abomination and mumbles some strange words.
The crystal spear hits the large abomination!!!
The large abomination is destroyed!
Vehumet accepts your kill.
Vehumet is now extending the range of your destructive spells.
You have escaped!

♣.......♣#....## #
♣.......♣#.##..# #
♣..♣.♣.....###.###
♣...⌠.....## #..##
♣..♣§♣....# ##..#
♣♣.§§§..♣## ##..
♣#.§§§..♣ ###
♣.§.9..♣♣ #
♣@*♣..♣♣ # #♣♣#♣♣♣
#


You could see a friendly spellforged servitor (summoned) and a friendly
battlesphere.

Vanquished Creatures
  3 dread liches
  2 ancient liches (Zot:5)
  A pandemonium lord (D:13)
  Mennas (Vaults:5)
  An orb of fire (Zot:5)
  A juggernaut (Depths:2)
  The ghost of Flapstick the Slayer, a legendary HaBe of Trog (Zot:5)
  Saint Roka (Vaults:2)
  A shard shrike (IceCv)
  Parghit (Zot:3)
  Vashnia (Snake:4)
  10 Killer Klowns (Zot:5)
  Xtahua (Depths:4)
  6 curse toes
  Jory (Vaults:5)
  10 golden dragons
  A bone dragon (Depths:4)
  Nikola (Vaults:2)
  A doom hound (Zot:1)
  A walking earthen tome (Depths:3)
  The ghost of Ge0ff the Warrior, an adept DsBr of Dithmenos (Elf:3)
  22 tentacled monstrosities
  The ghost of PanSaczeczos the Peltast, an adept MiRe of Hepliaklqana (Elf:3)
  A Hell Sentinel (D:9)
  2 liches
  Mlioglotl (Snake:3)
  Grunn (Zot:1)
  2 quicksilver dragons (Zot:3)
  3 titans (Vaults:5)
  3 sphinxes
  3 deep elf blademasters (Elf:3)
  Asterion (Elf:2)
  20 Orb Guardians
  The ghost of NigelTetley the Warrior, an adept DgCj (Elf:3)
  4 deep elf master archers (Elf:3)
  10 death cobs
  An ancient champion (Vaults:2)
  The ghost of TheLordTroll the Tortoise, an adept MiFi of Elyvilon (Snake:1)
  12 storm dragons
  4 draconian monks
  7 shadow dragons
  Aizul (Vaults:3)
  7 fire giants
  4 tengu reavers
  Donald (Snake:4)
  Kirke (Swamp:3)
  4 draconian knights
  Roxanne (Snake:4)
  5 nagarajas
  11 frost giants
  11 deep elf sorcerers
  2 fenstrider witches
  5 draconian scorchers
  2 deep elf elementalists (Elf:3)
  20 vault wardens
  4 ghost moths
  3 orc warlords
  3 draconian shifters
  16 ironbound preservers
  Louise (Swamp:3)
  The ghost of Flugkiller the Metamorph, a journeyman MeSh of Okawaru (Snake:1)
  3 demonspawn corrupters (WizLab)
  A formless jellyfish (Vaults:2)
  5 draconian stormcallers
  2 cacodemons
  The ghost of Safywk the Warrior, a journeyman MiFi of Gozag (D:14)
  2 spriggan defenders
  8 ironbound thunderhulks
  2 war gargoyles (Vaults:5)
  14 stone giants
  23 very ugly things
  5 white draconians
  5 black draconians
  4 deep elf demonologists
  A vampire knight (Depths:3)
  2 lorocyprocas (Depths:1)
  7 bunyips
  15 green draconians
  5 deep elf annihilators (Elf:3)
  A minotaur (Gauntlet)
  4 yellow draconians
  3 eidola
  3 purple draconians
  7 dire elephants
  5 red draconians
  14 spark wasps
  8 deep elf death magi (Elf:3)
  2 green deaths
  The ghost of DEFE the Warmonger, a journeyman DsWn of Okawaru (Lair:2)
  8 ettins
  2 crystal guardians
  16 yaktaur captains
  10 fire dragons
  A blizzard demon (Depths:2)
  The ghost of Tungsten the Covert, a journeyman OpBr of Ashenzari (Lair:1)
  3 jiangshi (Depths:4)
  4 deep elf high priests
  Harold (D:9)
  12 hydras
  Josephine (D:13)
  9 ice dragons
  23 vault guards
  7 great orbs of eyes
  The ghost of Domino the Cleaver, a journeyman MiFi of Okawaru (D:11)
  A juggernaut simulacrum (Depths:3)
  2 peacekeepers
  8 rakshasas
  5 ogre magi
  5 boulder beetles
  2 spriggan air magi (Depths:2)
  18 anacondas
  25 two-headed ogres
  9 alligators
  Erica (D:11)
  2 spriggan skeletons
  9 centaur warriors
  26 dancing weapons
  A death knight (D:14)
  13 ironbound frosthearts
  Urug (Lair:2)
  A hell hog (Lair:1)
  11 deep troll earth magi
  3 vampire magi
  13 death yaks
  7 deep troll shamans
  16 tengu warriors
  A demonic crawler (Zot:1)
  14 naga warriors
  7 spriggan berserkers
  3 occultists (WizLab)
  8 hell knights
  A fire crab (Lair:5)
  6 shock serpents
  4 sun demons
  22 naga sharpshooters
  19 deep elf knights
  A skyshark (Lair:2)
  7 iron trolls
  4 sixfirhies
  2 soul eaters
  4 goliath frogs
  6 salamander mystics
  2 bog bodies (Swamp:2)
  33 deep trolls
  An orb spider (shapeshifter) (WizLab)
  7 deep elf archers
  3 glowing orange brains
  An orange crystal statue (IceCv)
  5 naga ritualists
  17 ironbound convokers
  3 flayed ghosts
  5 swamp dragons
  The ghost of Flugkiller the Trooper, a novice MeRe of Cheibriados (D:9)
  An obsidian statue (Zot:5)
  11 arcanists
  10 necromancers
  54 ugly things
  15 harpies (Vaults:1)
  17 lindwurms
  3 phantasmal warriors
  26 deep elf pyromancers
  18 deep elf zephyrmancers
  A wolf spider (D:15)
  6 orc sorcerers
  7 orc knights
  11 mana vipers
  6 cyclopes
  An oklob plant (Lair:2)
  24 salamanders
  4 worldbinders (WizLab)
  17 vault sentinels
  3 will-o-the-wisps
  6 manticores
  17 elephants
  13 guardian serpents
  32 black mambas
  2 molten gargoyles (Lair:5)
  4 kobold blastminers (Orc:1)
  A torpor snail (Gauntlet)
  29 moths of wrath
  A water nymph (WizLab)
  2 orange demons
  2 ice statues (Swamp:2)
  A rust devil (Depths:3)
  16 cane toads
  2 kobold demonologists
  25 naga magi
  3 gargoyles
  3 smoke demons
  A komodo dragon (shapeshifter) (D:15)
  2 unseen horrors
  A large abomination (D:15)
  24 yaktaurs
  13 rime drakes
  2 tormentors
  4 freezing wraiths (Swamp:4)
  15 komodo dragons
  An ice devil (D:3)
  3 efreet
  5 tengu conjurers
  A queen bee (Lair:1)
  17 polar bears (IceCv)
  A polar bear (shapeshifter) (D:13)
  3 bloated husks
  7 hornets
  19 trolls
  A hellwing (D:3)
  6 blink frogs
  11 tyrant leeches
  5 dream sheep (Lair:5)
  2 centaur simulacra (D:12)
  37 slime creatures
  2 shadows
  3 water elementals
  2 air elementals (Elf:2)
  4 wyverns
  4 spriggans
  7 wraiths
  70 yaks
  3 hogs (Swamp:3)
  A fire elemental (Elf:1)
  2 humans (D:13)
  9 basilisks
  A human (shapeshifter) (Elf:3)
  5 steam dragons
  3 swamp worm simulacra (Swamp:4)
  A spriggan simulacrum (Depths:1)
  2 neqoxecs
  10 vampire mosquitoes
  5 wargs
  An acid dragon (D:12)
  14 swamp worms
  42 nagas
  21 water moccasins
  15 hydra simulacra (Swamp:4)
  6 hell hounds
  Duvessa (D:6)
  A swamp drake (Swamp:2)
  34 orc warriors
  An ice beast (shapeshifter) (D:12)
  A black bear (D:7)
  7 boggarts
  An ice beast (D:8)
  2 sky beasts
  A tengu (shapeshifter) (WizLab)
  An ogre (shapeshifter) (Lair:1)
  32 ogres
  17 centaurs
  18 wolves
  A phantom (D:5)
  3 kobold brigands
  2 gnoll sergeants (D:10)
  13 bullfrogs
  3 earth elementals
  A scorpion (D:6)
  A glowing shapeshifter simulacrum (Depths:3)
  20 wights
  Dowan (D:6)
  38 killer bees
  4 howler monkeys
  5 lava snakes (Lair:5)
  5 jellies
  A gnoll bouda (D:8)
  2 hounds (D:4)
  14 orc priests
  5 iguanas (D:5)
  Natasha (thrice) (D:3 D:2)
  21 orc wizards
  A hell rat (D:10)
  4 gnolls
  13 adders
  A river rat (D:10)
  A shadow imp (D:8)
  2 white imps
  2 ufetubi (D:5)
  5 swamp drake simulacra (Swamp:4)
  3 worms
  3 dart slugs (D:3)
  70 orcs
  13 endoplasms
  4 giant cockroaches
  7 goblins
  9 hobgoblins
  6 jackals
  4 quokkas
  3 ball pythons
  5 bats
  3 frilled lizards
  13 kobolds
  7 rats
2115 creatures vanquished.

Vanquished Creatures (collateral kills)
  A dread lich (Vaults:5)
  An orb of fire (Zot:5)
  Mara (Depths:3)
  Sojobo (Vaults:4)
  2 Killer Klowns (Zot:5)
  A curse toe (Zot:2)
  2 golden dragons (Zot:1)
  A profane servitor (D:10)
  A Tzitzimitl (Zot:3)
  2 electric golems (Zot:5)
  A doom hound (Zot:1)
  4 tentacled monstrosities
  A walking earthen tome (Depths:2)
  8 Orb Guardians (Zot:5)
  2 quicksilver dragons
  A titan (Depths:3)
  A sphinx (Depths:1)
  An Executioner (D:1)
  3 death cobs
  5 storm dragons
  2 tengu reavers (Depths:3)
  2 shadow dragons
  A draconian knight (Zot:4)
  A draconian monk (Depths:4)
  5 fire giants
  4 frost giants
  2 draconian scorchers
  A vault warden (Vaults:4)
  2 iron dragons
  A draconian shifter (Depths:4)
  8 stone giants
  A draconian annihilator (Zot:4)
  5 very ugly things
  A vampire knight (Depths:4)
  3 black draconians
  2 green draconians
  3 white draconians
  2 dire elephants (Depths:3)
  5 red draconians
  6 yellow draconians
  8 ettins
  3 spark wasps
  A purple draconian (Depths:4)
  A deep elf death mage (Vaults:5)
  The ghost of Cinolulu the Thaumaturge, a journeyman DEIE of Sif Muna (Orc:1)
  4 fire dragons
  4 yaktaur captains (Vaults:5)
  A spriggan air mage (Depths:2)
  6 vault guards (Vaults:5)
  An ice dragon (Depths:3)
  A boulder beetle (Depths:3)
  2 tengu warriors (Depths:3)
  3 deep troll earth magi
  An occultist (Depths:3)
  4 hell knights
  A storm dragon zombie (Depths:3)
  A large abomination (D:1)
  3 deep trolls
  A cherub (D:1)
  3 iron trolls
  2 flayed ghosts
  2 glowing orange brains
  An orb spider (shapeshifter) (Depths:3)
  3 phantasmal warriors
  2 arcanists (WizLab)
  A deep elf zephyrmancer (Vaults:5)
  A necromancer (Depths:2)
  5 ugly things (Depths:4)
  5 moths of wrath
  A frost giant skeleton (Depths:1)
  An orange demon (D:1)
  A torpor snail (WizLab)
  2 tengu conjurers
  A troll (Vaults:2)
  2 water elementals (Depths:1)
  A yak (Lair:2)
  A basilisk (Lair:2)
  A chaos spawn (D:13)
  A warg (Orc:1)
  A naga (shapeshifter) (Vaults:5)
  A glowing shapeshifter zombie (Depths:3)
  An orc warrior (D:10)
  A kobold brigand (D:10)
  A gnoll (D:10)
  4 orcs (D:10)
  2 kobolds (D:10)
  5 boulders (Lair:3)
197 creatures vanquished.

Vanquished Creatures (others)
  A doom hound (Zot:1)
  A death cob (Zot:1)
  A draconian knight (Zot:4)
  A draconian scorcher (Zot:2)
  A spark wasp (Depths:1)
  A red draconian (Zot:3)
  A yaktaur captain (Vaults:5)
  2 vault guards (Vaults:5)
  2 ice dragons (Swamp:4)
  A tengu warrior (D:14)
  A hell knight (Vaults:5)
  An ugly thing (Lair:1)
  A cane toad (Lair:2)
  A freezing wraith (Vaults:5)
  A polar bear (IceCv)
  A slime creature (D:9)
  4 orc warriors
  A gnoll sergeant (D:10)
  A scorpion (shapeshifter) (Vaults:5)
  An orc wizard (Orc:1)
  A boulder (Lair:3)
  10 foxfires
36 creatures vanquished.

Grand Total: 2348 creatures vanquished

Notes
Turn   | Place    | Note
-------+----------+-------------------------------------------
     0 | D:1      | PaperRat the Ghoul Earth Elementalist began the quest for
                  | the Orb.
     0 | D:1      | Reached XP level 1. HP: 14/14 MP: 2/2
   258 | D:1      | Reached XP level 2. HP: 22/22 MP: 1/3
   261 | D:1      | Learned a level 2 spell: Passwall
   427 | D:1      | Reached skill level 1 in Fighting
  1148 | D:2      | Reached XP level 3. HP: 28/29 MP: 0/5
  1204 | D:2      | Learned a level 3 spell: Stone Arrow
  1674 | D:2      | Reached XP level 4. HP: 36/36 MP: 6/6
  1848 | D:2      | Reached skill level 1 in Conjurations
  2444 | D:3      | Noticed Natasha
  2454 | D:3      | Killed Natasha
  2455 | D:3      | Reached XP level 5. HP: 41/41 MP: 4/7
  3002 | D:3      | Noticed Natasha
  3021 | D:2      | Killed Natasha
  3553 | D:3      | Found a bloodstained altar of Trog.
  3735 | D:4      | Reached skill level 5 in Earth Magic
  3845 | D:3      | Found an ornate altar of the Wu Jian Council.
  4001 | D:3      | Reached XP level 6. HP: 48/48 MP: 5/8
  4189 | D:2      | Noticed Natasha
  4192 | D:2      | Killed Natasha
  4551 | D:4      | You fall into a shaft and drop 2 floors!
  4554 | D:6      | Noticed Duvessa
  4554 | D:6      | Noticed Dowan
  4656 | D:6      | Found a staircase to the Ecumenical Temple.
  4667 | Temple   | Entered the Ecumenical Temple
  4833 | Temple   | Became a worshipper of Vehumet
  4978 | Temple   | Reached XP level 7. HP: 35/56 MP: 4/10
  5133 | D:5      | Entered Level 5 of the Dungeon
  5210 | D:5      | Learned a level 4 spell: Petrify
  5381 | D:5      | Reached skill level 1 in Transmutations
  5770 | D:4      | Learned a level 1 spell: Summon Small Mammal
  5890 | D:5      | Found an opulent altar of Gozag.
  5890 | D:5      | Found a hazy altar of Hepliaklqana.
  5895 | D:5      | Found a shadowy altar of Dithmenos.
  5897 | D:5      | Found an ancient bone altar of Kikubaaqudgha.
  5898 | D:5      | Found a shimmering altar of Xom.
  6288 | D:5      | Reached skill level 1 in Summonings
  6288 | D:5      | Reached skill level 1 in Evocations
  6487 | D:5      | Reached XP level 8. HP: 63/63 MP: 4/11
  6770 | D:6      | Found Mehavv Yfriu's Tiny Tomes.
  7908 | D:7      | Reached * piety under Vehumet
  7908 | D:7      | Offered knowledge of Kiss of Death by Vehumet.
  8264 | D:7      | Reached skill level 1 in Short Blades
  8693 | D:6      | Killed Duvessa
  8694 | D:6      | Reached XP level 9. HP: 71/71 MP: 9/13
  8694 | D:6      | Killed Dowan
  8882 | D:8      | Reached skill level 5 in Stealth
  9314 | D:8      | Found Yqeosiwn's Antique Armour Boutique.
  9489 | D:8      | Got the Spellbook of Blasphemous Spells
  9497 | D:8      | Learned a level 5 spell: Borgnjor's Vile Clutch
  9616 | D:9      | Found a runed translucent gate.
  9620 | D:9      | Found a runed translucent gate.
  9620 | D:9      | Found a runed translucent gate.
  9621 | D:9      | Noticed Flugkiller's ghost (novice MeRe)
  9622 | D:9      | Found a viscous altar of Jiyva.
  9735 | D:9      | Reached skill level 1 in Necromancy
  9769 | D:9      | Noticed a hornet
  9804 | D:9      | Noticed a troll
  9813 | D:9      | Killed a troll
  9819 | D:9      | Reached ** piety under Vehumet
  9938 | D:9      | Offered knowledge of Freeze by Vehumet.
 10072 | D:8      | Reached XP level 10. HP: 75/80 MP: 11/15
 10130 | D:9      | Noticed Harold
 10233 | D:9      | Reached skill level 5 in Fighting
 10629 | D:9      | Killed Harold
 10630 | D:9      | Reached skill level 5 in Necromancy
 10776 | D:9      | Offered knowledge of Poisonous Vapours by Vehumet.
 11209 | D:9      | Killed Flugkiller's ghost
 11263 | D:9      | Identified the +2 plate armour of Ties {-Tele Fly Int+3}
 11296 | D:10     | Entered Level 10 of the Dungeon
 11296 | D:10     | Noticed a kobold demonologist
 11311 | D:10     | Killed a kobold demonologist
 11311 | D:10     | Reached *** piety under Vehumet
 11414 | D:10     | Found a sacrificial altar of Ru.
 11465 | D:10     | Noticed a gargoyle
 11470 | D:10     | Reached XP level 11. HP: 78/89 MP: 6/16
 11471 | D:10     | Noticed a tengu warrior
 11737 | D:10     | Noticed a death yak
 11774 | D:10     | Killed a death yak
 11856 | D:10     | Noticed a death yak
 11859 | D:10     | Offered knowledge of Olgreb's Toxic Radiance by Vehumet.
 11863 | D:10     | Noticed a death yak
 11901 | D:9      | Killed a death yak
 12027 | D:10     | Killed a death yak
 12190 | D:10     | Found a staircase to the Lair.
 12315 | D:10     | Killed a tengu warrior
 12354 | D:10     | Identified 3 scrolls of acquirement
 12354 | D:10     | Acquired a +0 pair of boots of flying
 12361 | D:10     | Acquired 1007 gold pieces
 12363 | D:10     | Acquired the ring "Laaxt" {Drain rElec rC+ rN+ Will+}
 12451 | D:10     | Reached skill level 5 in Short Blades
 12472 | D:10     | Reached skill level 5 in Evocations
 12526 | D:10     | Found a staircase to the Orcish Mines.
 12554 | D:10     | Reached **** piety under Vehumet
 12555 | D:10     | Reached skill level 5 in Spellcasting
 12557 | D:10     | Offered knowledge of Lee's Rapid Deconstruction by Vehumet.
 12601 | D:10     | Learned a level 5 spell: Lee's Rapid Deconstruction
 12761 | D:10     | Found a blossoming altar of Fedhas.
 13066 | Lair:1   | Entered Level 1 of the Lair of Beasts
 13073 | Lair:1   | Noticed a boulder beetle
 13090 | Lair:1   | Killed a boulder beetle
 13091 | Lair:1   | Reached XP level 12. HP: 100/100 MP: 9/18
 14011 | Lair:1   | Found a transporter.
 14014 | Lair:1   | Noticed Tungsten's ghost (journeyman OpBr)
 14037 | Lair:1   | Noticed a hell hog
 14048 | Lair:1   | Found a transporter.
 14412 | Lair:1   | Reached skill level 10 in Earth Magic
 15041 | Lair:2   | Reached ***** piety under Vehumet
 15041 | Lair:2   | Offered knowledge of Iskenderun's Mystic Blast by Vehumet.
 15414 | Lair:2   | Found a runed translucent gate.
 15415 | Lair:2   | Found a runed translucent gate.
 15416 | Lair:2   | Found a runed translucent gate.
 15416 | Lair:2   | Noticed DEFE's ghost (journeyman DsWn)
 15816 | Lair:2   | Noticed Urug
 15844 | Lair:2   | Killed Urug
 15845 | Lair:2   | Reached XP level 13. HP: 108/108 MP: 20/20
 16336 | Lair:2   | Reached skill level 5 in Transmutations
 16652 | Lair:2   | Killed DEFE's ghost
 17024 | Lair:3   | Learned a level 4 spell: Brom's Barrelling Boulder
 18078 | Lair:3   | Found a staircase to the Swamp.
 18462 | Lair:3   | Reached skill level 10 in Stealth
 18658 | Lair:3   | Found a staircase to the Snake Pit.
 19176 | Lair:3   | Reached skill level 10 in Fighting
 19653 | Lair:4   | Offered knowledge of Freezing Cloud by Vehumet.
 19706 | Lair:4   | Acquired a staff of earth
 19722 | Lair:4   | Reached XP level 14. HP: 121/121 MP: 11/22
 19800 | Lair:4   | Learned a level 5 spell: Freezing Cloud
 20095 | Lair:4   | Reached skill level 1 in Ice Magic
 20575 | Lair:5   | Entered Level 5 of the Lair of Beasts
 20591 | Lair:4   | Reached skill level 1 in Air Magic
 20735 | Lair:5   | Found a dark tunnel.
 20896 | Volcano  | Entered a volcano
 22467 | Lair:5   | Reached skill level 5 in Conjurations
 23189 | Lair:5   | Found a staircase to the Slime Pits.
 23850 | Lair:5   | Found a large runed translucent door.
 23850 | Lair:5   | Found a large runed translucent door.
 23864 | Lair:5   | Reached XP level 15. HP: 129/129 MP: 22/24
 24050 | Lair:5   | Offered knowledge of Irradiate by Vehumet.
 24711 | Orc:1    | Entered Level 1 of the Orcish Mines
 25841 | Orc:1    | Found a runed translucent gate.
 25841 | Orc:1    | Found a runed translucent gate.
 25841 | Orc:1    | Found an iron altar of Okawaru.
 25841 | Orc:1    | Found a runed translucent gate.
 25841 | Orc:1    | Noticed Cinolulu's ghost (journeyman DEIE)
 25870 | Orc:1    | Noticed an orc warlord
 25879 | Orc:1    | Killed an orc warlord
 25879 | Orc:1    | Noticed an orc warlord
 25886 | Orc:1    | Reached skill level 5 in Ice Magic
 25900 | Orc:1    | Killed an orc warlord
 26115 | Orc:1    | Offered knowledge of Eringya's Noxious Bog by Vehumet.
 26172 | Orc:1    | Identified the staff "Ijyh" {rPois MP-9 Dex+4 SInv Poison}
 26229 | Orc:1    | Found the +11 plutonium sword {Contam Stlth-}
 26442 | Orc:1    | Killed Cinolulu's ghost
 26608 | Orc:1    | Identified the amulet "Laudorgho" {Faith rN+ Int+3}
 26673 | Orc:2    | Entered Level 2 of the Orcish Mines
 26673 | Orc:2    | Found a gate leading to a gauntlet.
 26673 | Orc:2    | Found Giparuw's Book Boutique.
 26682 | Gauntlet | Entered a Gauntlet
 26682 | Gauntlet | Found a transporter.
 26682 | Gauntlet | Found a transporter.
 26690 | Gauntlet | Found a transporter.
 26694 | Gauntlet | Found a transporter.
 26705 | Gauntlet | Found a transporter.
 26708 | Gauntlet | Found a transporter.
 26717 | Gauntlet | Found a transporter.
 26733 | Gauntlet | Found a transporter.
 26747 | Gauntlet | Found a transporter.
 26751 | Gauntlet | Found a transporter.
 26763 | Gauntlet | Found a transporter.
 26767 | Gauntlet | Found a transporter.
 26823 | Gauntlet | Identified the +5 pair of gloves of the Blind Marksman
                  | {rElec Will+ Str-4}
 27068 | Gauntlet | Identified the +9 falchion of Xotaegasm {flame, rPois}
 27300 | Orc:2    | Found a staircase to the Elven Halls.
 27300 | Orc:2    | Found Ylustraile's Armour Boutique.
 27305 | Orc:2    | Reached skill level 1 in Armour
 27305 | Orc:2    | Reached skill level 1 in Shields
 27814 | Orc:2    | Found Fairode's Jewellery Emporium.
 27906 | Orc:2    | Found Zapu Kev's Armour Shop.
 27907 | Orc:2    | Found Naeq's Magic Scroll Boutique.
 28039 | Orc:2    | Reached skill level 10 in Evocations
 28185 | Orc:2    | Found Ifodiu's Book Shoppe.
 28235 | Orc:2    | Found Rabozo's Distillery.
 28248 | Orc:2    | Bought a potion of cancellation for 112 gold pieces
 28248 | Orc:2    | Bought 2 potions of brilliance for 112 gold pieces
 28248 | Orc:2    | Bought 2 potions of invisibility for 224 gold pieces
 28283 | Orc:2    | Found Kotorphio's Armour Emporium.
 28361 | Orc:2    | Reached XP level 16. HP: 139/139 MP: 11/27
 28585 | Orc:2    | Bought a scroll of acquirement for 728 gold pieces
 28585 | Orc:2    | Bought a scroll of identify for 28 gold pieces
 28587 | Orc:2    | Acquired 503 gold pieces
 28589 | Orc:2    | Bought a scroll of teleportation for 42 gold pieces
 28589 | Orc:2    | Bought a scroll of teleportation for 42 gold pieces
 28600 | Orc:2    | Bought the +4 skin of Zhor {*Englaciate rC+++ SInv} for 731
                  | gold pieces
 28600 | Orc:2    | Found the +4 skin of Zhor {*Englaciate rC+++ SInv}
 28648 | Orc:2    | Bought a +1 cloak of willpower for 198 gold pieces
 28660 | Orc:2    | Bought the +2 hood of the Assassin {Detect Stab+ Stlth++}
                  | for 720 gold pieces
 28660 | Orc:2    | Found the +2 hood of the Assassin {Detect Stab+ Stlth++}
 28717 | Orc:2    | Bought a scroll of fear for 56 gold pieces
 28717 | Orc:2    | Bought a scroll of poison for 56 gold pieces
 28749 | Orc:2    | Bought 2 potions of heal wounds for 140 gold pieces
 28891 | D:6      | Bought the Anthology of Confrontation for 196 gold pieces
 28898 | D:6      | Learned a level 6 spell: Bombard
 29250 | Lair:1   | Killed Tungsten's ghost
 29364 | Lair:1   | Found a one-way gate to the infinite horrors of the Abyss.
 29373 | Lair:1   | Identified the amulet of Ignis's Favour {Reflect rN+ Will+
                  | SH+5}
 29557 | D:11     | Noticed Erica
 29565 | D:11     | Killed Erica
 29566 | D:11     | Reached skill level 1 in Staves
 29607 | D:11     | Found a runed translucent gate.
 29608 | D:11     | Found a runed translucent gate.
 29681 | D:11     | Offered knowledge of Plasma Beam by Vehumet.
 29823 | D:11     | Found Garaahoo's CLEARANCE SALE!.
 30051 | D:11     | Noticed Domino's ghost (journeyman MiFi)
 30052 | D:11     | Found a runed translucent gate.
 30065 | D:11     | Killed Domino's ghost
 32476 | D:13     | Noticed Josephine
 32487 | D:13     | Killed Josephine
 32488 | D:13     | Reached skill level 5 in Armour
 33064 | D:13     | Reached skill level 5 in Shields
 33274 | D:13     | Found a gate to the Vaults.
 33422 | D:14     | Noticed Safywk's ghost (journeyman MiFi)
 33488 | D:14     | Found a bloodstained altar of Trog.
 33496 | D:14     | Found a transporter.
 33516 | D:14     | Found a transporter.
 34090 | D:14     | Identified the +3 battleaxe of Yxewuc {holy, rN+ Will-
                  | Int+2}
 34221 | D:14     | Killed Safywk's ghost
 34421 | D:15     | Entered Level 15 of the Dungeon
 34427 | D:15     | Reached XP level 17. HP: 146/146 MP: 29/29
 34602 | D:15     | Reached ****** piety under Vehumet
 35305 | D:15     | Offered knowledge of Ozocubu's Refrigeration by Vehumet.
 35319 | D:15     | Found a staircase to the Depths.
 35630 | D:15     | Found the sphere of Battle
 36021 | Snake:1  | Entered Level 1 of the Snake Pit
 36681 | Snake:1  | Found a runed translucent gate.
 36681 | Snake:1  | Found a runed translucent gate.
 36682 | Snake:1  | Found a runed translucent gate.
 36685 | Snake:1  | Noticed Flugkiller's ghost (journeyman MeSh)
 36685 | Snake:1  | Noticed TheLordTroll's ghost (adept MiFi)
 37451 | Snake:1  | Killed TheLordTroll's ghost
 37466 | Snake:1  | Killed Flugkiller's ghost
 37588 | Snake:1  | Identified the +4 pair of boots of Mank {rF+ Str+8 Int-2}
 38364 | Snake:2  | Reached XP level 18. HP: 157/157 MP: 26/30
 38400 | Snake:2  | Offered knowledge of Starburst by Vehumet.
 39958 | Snake:2  | Learned a level 2 spell: Blink
 39982 | Snake:3  | Identified the +1 falchion of Zuakibre {heavy, *Corrode rN+
                  | Str+2 Stlth+}
 40200 | Snake:3  | Reached skill level 1 in Translocations
 40409 | Snake:3  | Identified the +3 scale mail of Baleful Amelioration {Harm}
 40555 | Snake:4  | Entered Level 4 of the Snake Pit
 40702 | Snake:4  | Noticed Mlioglotl
 40721 | Snake:3  | Killed Mlioglotl
 40887 | Snake:4  | Noticed Vashnia
 40893 | Snake:4  | Killed Vashnia
 41014 | Snake:4  | Reached skill level 10 in Spellcasting
 41427 | Snake:4  | Noticed Donald
 41432 | Snake:4  | Killed Donald
 41570 | Snake:4  | Offered knowledge of Lehudib's Crystal Spear by Vehumet.
 41570 | Snake:4  | Offered knowledge of Shatter by Vehumet.
 41570 | Snake:4  | Offered knowledge of Polar Vortex by Vehumet.
 41737 | Snake:4  | Noticed Roxanne
 41753 | Snake:4  | Killed Roxanne
 42096 | Snake:4  | Reached skill level 5 in Summonings
 42634 | Snake:4  | Reached XP level 19. HP: 166/166 MP: 15/32
 42770 | Snake:4  | Reached skill level 15 in Earth Magic
 43180 | Snake:4  | Got a serpentine rune of Zot
 43510 | Orc:2    | Bought the ring of Cosu {rPois EV+5 Str+4 Dex+4 Slay-2} for
                  | 778 gold pieces
 43675 | Swamp:1  | Entered Level 1 of the Swamp
 43852 | Swamp:1  | Identified the +4 quick blade "Qusem" {spect, rF+ MP+9
                  | Str+2 Dex-5}
 44687 | Swamp:2  | Found a frozen archway.
 44704 | Swamp:2  | Reached skill level 10 in Conjurations
 44727 | IceCv    | Entered an ice cave
 45170 | IceCv    | Reached skill level 5 in Dodging
 45484 | IceCv    | Noticed a shard shrike
 45489 | IceCv    | Killed a shard shrike
 46282 | Swamp:2  | Identified the +2 quarterstaff "Otwelol" {antimagic, rC+
                  | rN+ Str+2 Dex+2}
 46819 | Swamp:3  | Noticed Louise
 46829 | Swamp:3  | Killed Louise
 47065 | Swamp:3  | Noticed Kirke
 47070 | Swamp:3  | Killed Kirke
 47447 | Swamp:4  | Entered Level 4 of the Swamp
 47582 | Swamp:4  | Reached XP level 20. HP: 174/174 MP: 22/33
 48363 | Swamp:4  | Got a decaying rune of Zot
 48678 | Elf:1    | Entered Level 1 of the Elven Halls
 48683 | Elf:1    | Identified the +0 leather armour of the Northern Lights
                  | {*Corrode rElec rPois Str+3}
 48755 | Elf:1    | Found a shimmering blue altar of Sif Muna.
 49385 | Elf:1    | You fall into a shaft and drop 1 floor!
 49604 | Elf:1    | Found Ithremat's Jewellery Boutique.
 49610 | Elf:1    | Bought an amulet of magic regeneration for 450 gold pieces
 49809 | Elf:1    | Got the Catalogue of Damage and Apparitions
 49925 | Elf:2    | Paralysed by an air elemental for 1 turns
 50035 | Elf:2    | Found Cood's Antique Weapon Shop.
 50086 | Elf:2    | Found Ceuhien's Armour Boutique.
 50087 | Elf:2    | Noticed Asterion
 50094 | Elf:2    | Killed Asterion
 50266 | Elf:2    | Found a runed translucent gate.
 50267 | Elf:2    | Found a runed translucent gate.
 50267 | Elf:2    | Found a runed translucent gate.
 50402 | Elf:2    | Learned a level 7 spell: Spellforged Servitor
 50530 | Elf:2    | Reached skill level 1 in Maces & Flails
 50809 | Elf:2    | Reached skill level 15 in Fighting
 51277 | Elf:3    | Entered Level 3 of the Elven Halls
 51545 | Elf:3    | Found a runed translucent gate.
 51545 | Elf:3    | Found a runed translucent gate.
 51545 | Elf:3    | Found a runed translucent gate.
 51545 | Elf:3    | Noticed PanSaczeczos's ghost (adept MiRe)
 51545 | Elf:3    | Noticed Ge0ff's ghost (adept DsBr)
 51546 | Elf:3    | Noticed NigelTetley's ghost (adept DgCj)
 51546 | Elf:3    | Found the ring of the Hare {EV+10}
 51564 | Elf:3    | Killed PanSaczeczos's ghost
 51569 | Elf:3    | Killed Ge0ff's ghost
 51571 | Elf:3    | Killed NigelTetley's ghost
 51721 | Elf:3    | Found Wooruunk's General Store.
 52083 | Elf:3    | Identified the amulet "Ocuora" {Spirit Regen+}
 52098 | Elf:3    | Identified the +1 robe "Kycew" {Rampage rPois Will++ Dex+3}
 52098 | Elf:3    | Identified the ring "Bucwa" {rPois rN+ Dex+6}
 52107 | Elf:3    | Reached XP level 21. HP: 185/185 MP: 21/35
 52310 | Elf:3    | Identified the +2 chain mail of Hungoly {-Cast rC+ Str+3
                  | Dex+7}
 52322 | Elf:3    | Identified the +6 chain mail "Sooc Ny Piu" {rC- rN++ Int+9
                  | Stlth-}
 52328 | Elf:3    | Identified the ring of Eshuax {Fly Int+3 Stlth-}
 52332 | Elf:3    | Reached skill level 10 in Summonings
 52355 | Elf:3    | Found the +2 hat of the Bear Spirit {Spirit, Bear, *Rage
                  | Will++}
 52365 | Elf:3    | Identified the +3 leather armour of a ziggurat {rC+ Slay+3}
                  | (You took it off a deep elf archer on level 3 of the Elven
                  | Halls)
 52365 | Elf:3    | Identified the +6 sling of Laceration {drain, rPois rN+
                  | MP-9} (You took it off a deep elf archer on level 3 of the
                  | Elven Halls)
 52365 | Elf:3    | Identified the +4 shortbow of Success {drain, rElec} (You
                  | took it off a deep elf archer on level 3 of the Elven
                  | Halls)
 52378 | Elf:3    | Found the +8 pair of quick blades "Gyre" and "Gimble"
                  | {protect}
 52391 | Elf:3    | Identified the +16 plate armour of the Elven Halls {rElec
                  | rF- MP+9 Int+6}
 52399 | Elf:3    | Identified the +2 robe "Deroone" {*Corrode Int+4}
 52402 | Elf:3    | Identified the +5 quarterstaff of Quick Death {elec, rPois
                  | rF+}
 52410 | Elf:3    | Got the Catalogue of Bolts
 52417 | Elf:3    | Got the Atlas of the Door
 52711 | Vaults:1 | Entered Level 1 of the Vaults
 52947 | Vaults:1 | Reached skill level 5 in Maces & Flails
 54173 | Vaults:2 | Noticed Saint Roka
 54189 | Vaults:2 | Killed Saint Roka
 54433 | Vaults:2 | You fall into a shaft and drop 2 floors!
 54529 | Vaults:4 | Identified the +2 spear "Xushromui" {heavy, rF+}
 54569 | Vaults:4 | Reached skill level 10 in Dodging
 54573 | Vaults:4 | Reached XP level 22. HP: 195/195 MP: 14/37
 56051 | Vaults:2 | Found a staircase to the Crypt.
 56186 | Vaults:2 | Noticed Nikola
 56192 | Vaults:2 | Killed Nikola
 57014 | Vaults:3 | Reached skill level 5 in Staves
 57112 | Vaults:3 | Identified the serpent talisman of Jigsaw {+Blink rF+ rCorr
                  | Str-4}
 57112 | Vaults:3 | Noticed Aizul
 57118 | Vaults:3 | Killed Aizul
 57949 | Vaults:3 | Found Necvas's Assorted Antiques.
 57957 | Vaults:3 | Bought an iridescent staff for 629 gold pieces
 57957 | Vaults:3 | Identified the staff of Liss {Contam rPois rC+ rCorr Dex+3
                  | Ice} (You bought it in a shop on level 3 of the Vaults)
 57957 | Vaults:3 | Bought a shiny helmet for 277 gold pieces
 58234 | Orc:2    | Bought a potion of heal wounds for 70 gold pieces
 58234 | Orc:2    | Bought a potion of magic for 112 gold pieces
 58352 | Elf:3    | Bought a scroll of enchant armour for 97 gold pieces
 58707 | Vaults:5 | Entered Level 5 of the Vaults
 58707 | Vaults:5 | Noticed Jory
 58752 | Vaults:5 | Killed Jory
 58845 | Vaults:5 | Reached XP level 23. HP: 199/202 MP: 25/38
 58855 | Vaults:5 | Noticed a dread lich
 58860 | Vaults:5 | Noticed Sojobo
 58860 | Vaults:5 | Killed a dread lich
 58879 | Vaults:4 | Killed Sojobo
 58964 | Vaults:5 | Noticed Mennas
 58964 | Vaults:5 | Identified the +8 broad axe "Fiulak" {heavy, Contam rElec
                  | MP+9 Int+3}
 59406 | Vaults:5 | Identified the ring of the Cuttlefish {Fire Fly}
 59526 | Vaults:5 | Noticed a dread lich
 59540 | Vaults:5 | Killed a dread lich
 59840 | Vaults:5 | Killed Mennas
 60164 | Vaults:5 | Reached skill level 1 in Invocations
 60191 | Vaults:5 | Identified the +5 short sword of Eggoev {venom, Fly rC+
                  | Int+2}
 60413 | Vaults:5 | Found Ametaq's Magic Scroll Boutique.
 60535 | Vaults:5 | Found Solick's Magic Scroll Emporium.
 60611 | Vaults:5 | Found the +2 pair of slick slippers {slick, slippery, EV+4}
 60617 | Vaults:5 | Acquired 291 gold pieces
 60621 | Vaults:5 | Got a silver rune of Zot
 60701 | Vaults:5 | Identified the +7 falchion of Tecweo {protect, *Rage rC+
                  | Str+4 Int+4}
 60706 | Vaults:5 | Identified the +10 shadow dragon scales of the Undertaker
                  | {-Tele Will++ rCorr Stlth++++}
 60706 | Vaults:5 | Identified the +4 great mace of Ignis's Inspiration {spect,
                  | *Slow Int+7}
 61390 | Vaults:5 | Bought a scroll of brand weapon for 161 gold pieces
 61391 | Vaults:5 | Bought a scroll of fog for 68 gold pieces
 61420 | Vaults:5 | Bought 3 scrolls of butterflies for 192 gold pieces
 61668 | Depths:1 | Entered Level 1 of the Depths
 62169 | D:15     | Reached XP level 24. HP: 144/212 MP: 18/38
 62622 | Depths:1 | Found a one-way gate leading to the halls of Pandemonium.
 62837 | Depths:1 | Found a gateway to Hell.
 62871 | Depths:1 | Found Cebezeac's Antique Weapon Shoppe.
 63080 | Depths:1 | Learned a level 8 spell: Lehudib's Crystal Spear
 64008 | Depths:2 | Noticed a juggernaut
 64015 | Depths:2 | Killed a juggernaut
 64252 | Depths:2 | Identified the +2 sling of Thoughtfulness {speed, rF- rN++
                  | Dex+3 Stlth+}
 64591 | Depths:3 | Noticed Mara
 64597 | Depths:3 | Killed Mara
 64621 | Depths:3 | Found a magical portal.
 64652 | WizLab   | Entered Alistair's Party Mansion
 65441 | Depths:3 | Reached XP level 25. HP: 196/221 MP: 38/39
 65693 | Depths:3 | Found a one-way gateway to a ziggurat.
 65857 | Depths:3 | Found a bloodstained altar of Trog.
 66606 | Depths:3 | Identified the +0 robe of the Illusory Mystics {Harm Str-4
                  | Int+5}
 67390 | Depths:4 | Entered Level 4 of the Depths
 67391 | Depths:4 | Acquired the +0 cloak "Lysup" {rF++}
 67880 | Depths:4 | Found a gate to the Realm of Zot.
 67991 | Depths:4 | Reached skill level 10 in Maces & Flails
 68141 | Depths:4 | Found a sparkling altar of Nemelex Xobeh.
 68250 | Depths:4 | Noticed Xtahua
 68255 | Depths:4 | Killed Xtahua
 68571 | Depths:4 | Reached skill level 5 in Invocations
 69476 | Depths:3 | Reached XP level 26. HP: 232/232 MP: 30/39
 70551 | Zot:1    | Entered Level 1 of the Realm of Zot
 70653 | Zot:1    | You fall into a shaft and drop 1 floor!
 71226 | Zot:1    | Reached skill level 10 in Invocations
 71251 | Zot:1    | Noticed Grunn
 71263 | Zot:1    | Killed Grunn
 71464 | Zot:1    | Identified the ring of Piyffuid {rPois Int+4 Dex+2}
 73435 | Zot:2    | Reached skill level 15 in Invocations
 73772 | Zot:3    | Noticed Parghit
 74024 | Zot:3    | Killed Parghit
 74469 | Zot:3    | Reached XP level 27. HP: 209/238 MP: 19/39
 76011 | Zot:4    | Identified the +3 dagger of Meytwyon {freeze, rElec Will+
                  | Int+3 Dex-3}
 76423 | Zot:5    | Entered Level 5 of the Realm of Zot
 76543 | Zot:5    | Found a transporter.
 76546 | Zot:5    | Noticed Flapstick's ghost (legendary HaBe)
 76547 | Zot:5    | Found a transporter.
 76973 | Zot:5    | Killed Flapstick's ghost
 76981 | Zot:5    | Identified the ring "Cotaxal" {Int+6 Dex+3}
 77116 | Zot:5    | Noticed an ancient lich
 77125 | Zot:5    | Killed an ancient lich
 77187 | Zot:5    | Noticed an ancient lich
 77530 | Zot:5    | Killed an ancient lich
 77705 | Zot:5    | Noticed an orb of fire
 77711 | Zot:5    | Killed an orb of fire
 77937 | Zot:5    | Noticed a dread lich
 77962 | Zot:5    | Killed a dread lich
 78415 | Zot:5    | Noticed an orb of fire
 78419 | Zot:5    | Killed an orb of fire
 78425 | Zot:5    | Noticed a dread lich
 78431 | Zot:5    | Killed a dread lich
 78574 | Zot:5    | Reached skill level 15 in Evocations
 78680 | Zot:5    | Identified the +7 arbalest of Zabroel {penet, *Slow Fly
                  | rElec Str+6}
 79218 | Zot:5    | Got the Orb of Zot
 79608 | D:13     | Noticed Myrop the pandemonium lord
 79621 | D:13     | Killed Myrop the pandemonium lord
 80308 | D:$      | Escaped with the Orb!

Illustrated notes

Levels and vault maps discovered:
D:1:      amcnicky_arrival_underground_garden, layout_basic,
          hangedman_feature_mirror
D:2:      layout_loops_corners
D:3:      layout_basic, nicolae_overflow_hidden_temple, uniq_natasha
D:4:      layout_rooms
D:5:      layout_loops_corners, tso_metal_star,
          chequers_temple_overflow_minitemple
D:6:      layout_basic, minmay_temple_entry_mini_moons,
          nicolae_shop_i_like_small_books_too, nrook_pool_corridor, uniq_duvessa
D:7:      layout_gridville
D:8:      layout_rooms, serial_shops, shop
D:9:      layout_rooms, gammafunk_ghost_ooze, grunt_ministairs_10,
          nicolae_concentric_dashed_squares_wild, uniq_harold
D:10:     layout_loops_ring, nicolae_ru_great_annihilating_truth,
          fedhas_ov_isle_minmay, dpeg_lair_monsters,
          kennysheep_orc_monster_closet_entryway
D:11:     layout_cave_pools, ebering_ghost_rock_garden, nicolae_shop_clearance,
          uniq_erica
D:12:     minmay_quarter_circles, layout_irregular_city
D:13:     layout_stronghold, hellmonk_vaults_keyhole, uniq_josephine
D:14:     layout_cave_pools, gammafunk_ghost_wrathful_warriors,
          chequers_serial_rivers_room_a
D:15:     hangedman_depths_entry_try_elsewhere_first, layout_layer_cave,
          chequers_serial_rivers_room_b,
          hellmonk_guarded_unrand_sphere_of_battle
Temple:   chequers_temple_sunken
Lair:1:   layout_gridlike, special_room [special_room_bee],
          gammafunk_ghost_abyssal_escape
Lair:2:   nzn_winding_woodlands_three_and_one
          [nzn_winding_woodlands_5x15_concentric,
          nzn_winding_woodlands_5x15_jagged, nzn_winding_woodlands_5x15_parted,
          nzn_winding_woodlands_center_diamonds], layout_cave_pods,
          gammafunk_ghost_split, lemuel_fruit_fields, uniq_urug
Lair:3:   layout_roguey, palyth_hydra_swamp_entry,
          minmay_snake_entry_six_corridors
Lair:4:   layout_misc_corridors
Lair:5:   cheibrodos_lair_end_hotspot, layout_regular_city,
          nicolae_slime_entry_slimehenge, enter_volcano_1, lemuel_fruit_tree
Swamp:1:  layout_basic_swamp, serial_swamp_ruin, hangedman_swamp_ruin_wall,
          evilmike_swamp_ruin_house_6, swamp_pool_1_2,
          nicolae_swamp_decorative_isthmus
Swamp:2:  layout_basic_swamp, portal_ice_cave_entry_ice_statue_two,
          evilmike_swamp_ruin_wall, swamp_pool_1_2, nicolae_swamp_little_swirl,
          infiniplex_staircase_pool
Swamp:3:  layout_basic_swamp, evilmike_swamp_ruin_house_5,
          cheibrodos_swamp_witchery, uniq_kirke, uniq_louise
Swamp:4:  swamp_icy, layout_basic_swamp
Snake:1:  layout_onion, gammafunk_ghost_cemetery, grunt_ministairs_1,
          grunt_megastairs_3
Snake:2:  layout_grid_shapes
Snake:3:  layout_misc_corridors
Snake:4:  snake_pit_salamanders_mu, layout_cave_town, st_stairs_4,
          nicolae_snake_biting_tails, uniq_vashnia, uniq_roxanne,
          uniq_mlioglotl, uniq_donald
Orc:1:    layout_caves, gammafunk_ghost_fury_of_okawaru, minmay_orc_treasury
Orc:2:    st_orc_open, layout_caves, serial_shops, shop,
          nicolae_shop_hallway_plus, nicolae_shop_real_fake_doors, shop,
          gauntlet_entry_generic
Elf:1:    layout_loops_cross, basic_altar, serial_shops, nicolae_square_shop,
          minmay_elf_sorcery, lemuel_flamethrower_3
Elf:2:    nicolae_elf_blades_crystal_corner, layout_loops_cross, serial_shops,
          nicolae_shop_hallway_stairs, nicolae_shop_waterfront,
          nicolae_letterblocks [nicolae_letter_subblock,
          nicolae_letter_subblock, nicolae_letter_subblock,
          nicolae_letter_subblock, nicolae_letter_subblock,
          nicolae_letter_subblock, nicolae_letter_subblock,
          nicolae_letter_subblock, nicolae_letter_subblock,
          nicolae_letter_subblock, nicolae_letter_subblock,
          nicolae_letter_subblock, nicolae_letter_subblock,
          nicolae_letter_subblock, nicolae_letter_subblock,
          nicolae_letter_subblock, nicolae_letter_subblock,
          nicolae_letter_subblock, nicolae_letter_subblock,
          nicolae_letter_subblock, nicolae_letter_subblock,
          nicolae_letter_subblock, nicolae_letter_subblock,
          nicolae_letter_subblock, nicolae_letter_subblock], uniq_asterion
Elf:3:    minmay_elf_hall_statues, layout_geoelf_diagonals, serial_shops,
          nicolae_shop_tiny_glass, gammafunk_ghost_cemetery
Vaults:1: nicolae_vaults_hexular_roomagon, nicolae_vaults_diagonal_hallway_7,
          grunt_vaults_hallway_long, vaults_room_grunt_arrival_ludios,
          v_misc_22, nicolae_vaults_wrenched, grunt_vaults_funnel,
          nicolae_vaults_sealed_display, hangedman_vaults_capsules,
          vaults_room_octagon, nicolae_vaults_stand_back,
          nicolae_vaults_more_shelving_1, ontoclasm_vaults_shuriken,
          layout_vaults_maze
Vaults:2: nicolae_vaults_trapezoid_lopsided_1,
          nicolae_vaults_offset_grid_hallway_1, minmay_crypt_entry_simple_box,
          nicolae_vaults_little_ls, nicolae_vaults_network_square,
          v_alt_pattern_4, ontoclasm_vaults_loading_screen,
          nicolae_vaults_network_s, vaults_mumra_minichess_inversion,
          vaults_room_fours, nicolae_vaults_trapezoid_lopsided_1,
          layout_vaults_omnicross, uniq_saint_roka, uniq_nikola
Vaults:3: nicolae_vaults_heist, nicolae_vaults_tetromino_Z_2,
          ontoclasm_vaults_tryst, nicolae_vaults_house_2,
          vaults_dpeg_encased_lava, nicolae_vaults_closet_pinwheel_3, v_misc_1,
          nicolae_vaults_diamond_2, nicolae_vaults_wine_cellar,
          layout_vaults_quadrants, serial_shops, shop, uniq_aizul
Vaults:4: nicolae_vaults_security_offices_3, nicolae_vaults_sightless_eye,
          dpeg_vaults_monster_box, hangedman_vaults_nodes,
          nicolae_vaults_trapezoid_4, nicolae_vaults_tangram_1,
          layout_vaults_big_room
Vaults:5: serial_shops, uniq_mennas, uniq_jory, uniq_sojobo
Depths:1: layout_cave_pools, hell_entry, serial_shops, shop,
          minmay_misc_feat_rugged, rand_demon_pan_entry_3,
          amcnicky_mini_pool_medium
Depths:2: evilmike_hourglass, layout_cave_shapes, grunt_pan_entry_zigzag,
          hell_entry, serial_sigils, serial_sigils_hangedman_stare,
          serial_sigils_hangedman_shear, serial_sigils_hangedman_quiver,
          serial_sigils_hangedman_confine, serial_sigils_hangedman_quiver,
          nicolae_abyss_entry_one_way_or_another, minmay_misc_feat_four_crosses
Depths:3: minmay_nested_s, layout_basic, ziggurat_fallback, hex_medium,
          mu_enter_wizlab_5, abyss_entry_small_statue_room,
          pf_hell_entry_tar_spiral, tgw_trog, infiniplex_staircase_zigzag_2,
          uniq_mara
Depths:4: grunt_zot_entry_funnels, layout_basic, nicolae_eternal_life,
          hell_entry, nemelex_lonely_heart_becter, serial_bayou_shore_b,
          uniq_xtahua
Zot:1:    regret_index_malice_mire, layout_misc_corridors,
          hangedman_zot_wheel_spokes, uniq_grunn
Zot:2:    layout_basic
Zot:3:    layout_misc_corridors, hangedman_zot_decor_slant, grunt_megastairs_2,
          uniq_parghit
Zot:4:    layout_cathedral_of_symmetry, regret_index_zotdec_decaying_basic
Zot:5:    layout_basic, gammafunk_ghost_arena

Skill      XL: |  1  2  3  4  5  6  7  8  9 10 11 12 13 14 15 16 17 18 19 20 21 22 23 24 25 26 27 |
---------------+----------------------------------------------------------------------------------+-----
Fighting       | 1 2 3 4 6 7 8 10 11 12 13 14 15 16 17 18 | 18.0
Stealth        | 3 4 5 6 7 8 10 11 12 14 | 14.7
Spellcasting   | 2 3 4 5 6 7 8 9 10 11 12 13 14 | 14.0
Conjurations   | 1 2 3 4 5 6 7 8 9 10 11 12 13 14 | 14.3
Earth Magic    | 4 5 6 7 8 9 10 11 12 13 14 16 17 18 | 18.0
Transmutations | 2 3 4 6 7 |  7.0
Summonings     | 1 3 5 8 9 11 12 13 14 | 14.0
Evocations     | 1 2 4 5 6 7 8 10 11 12 14 15 | 15.4
Short Blades   | 1 3 4 5 6 7 8 |  8.0
Dodging        | 2 3 4 6 8 10 11 12 13 | 13.7
Necromancy     | 2 7 8 |  8.0
Ice Magic      | 4 5 |  5.0
Air Magic      | 2 |  2.0
Armour         | 3 5 6 7 8 |  8.0
Shields        | 3 5 |  5.0
Staves         | 4 6 8 |  8.7
Translocations | 3 |  3.0
Maces & Flails | 3 6 7 8 10 | 10.7
Invocations    | 1 6 16 18 | 18.5

Action                     |  1- 3 |  4- 6 |  7- 9 | 10-12 | 13-15 | 16-18 | 19-21 | 22-24 | 25-27 || total
---------------------------+-------+-------+-------+-------+-------+-------+-------+-------+-------++-------
  Melee: Spear             |    38 |     7 |       |       |       |       |       |       |       ||    45
         Short sword       |       |    19 |       |       |       |       |       |       |       ||    19
         Dagger            |       |       |    78 |   332 |   251 |    62 |       |     1 |     4 ||   728
         Punch             |       |       |       |     3 |     4 |       |       |       |       ||     7
         Staff             |       |       |       |       |    47 |   185 |   116 |    72 |    40 ||   460
         Scimitar          |       |       |       |       |     6 |       |       |       |       ||     6
         Demon whip        |       |       |       |       |       |       |     3 |    25 |    70 ||    98
   Fire: Sling             |     4 |   102 |    54 |       |       |       |       |       |       ||   160
  Throw: Stone             |     6 |       |       |       |       |       |       |       |       ||     6
         Dart              |       |     1 |    16 |    55 |    52 |     7 |     6 |     1 |     6 ||   144
         Throwing net      |       |       |       |       |       |       |       |       |     3 ||     3
   Cast: Sandblast         |    31 |    79 |    65 |   119 |   252 |   323 |   153 |     1 |       ||  1023
         Stone Arrow       |       |     2 |    41 |    35 |   124 |   131 |   235 |   211 |   115 ||   894
         Passwall          |       |       |     3 |     4 |     2 |     4 |     7 |     2 |     4 ||    26
         Petrify           |       |       |     3 |    24 |    87 |    49 |    15 |       |       ||   178
         Borgnjor's Vile C |       |       |       |    29 |    66 |    30 |    91 |    68 |    76 ||   360
         Summon Small Mamm |       |       |       |     1 |       |       |       |       |       ||     1
         Lee's Rapid Decon |       |       |       |    11 |     7 |    30 |    74 |    62 |    66 ||   250
         Brom's Barrelling |       |       |       |       |    10 |       |       |       |       ||    10
         Freezing Cloud    |       |       |       |       |    47 |   110 |    95 |    81 |    36 ||   369
         Bombard           |       |       |       |       |       |    41 |    81 |   250 |   337 ||   709
         Spellforged Servi |       |       |       |       |       |       |       |    49 |   105 ||   154
         Blink             |       |       |       |       |       |       |       |     1 |       ||     1
         Lehudib's Crystal |       |       |       |       |       |       |       |       |    83 ||    83
  Evoke: Wand              |       |       |     2 |     7 |    34 |     8 |     6 |    17 |    32 ||   106
         Lightning rod     |       |       |       |       |       |     6 |       |    11 |       ||    17
         Condenser vane    |       |       |       |       |       |       |     1 |     2 |     1 ||     4
         Phantom mirror    |       |       |       |       |       |       |     1 |     2 |     2 ||     5
         Phial of floods   |       |       |       |       |       |       |       |     1 |       ||     1
         Box of beasts     |       |       |       |       |       |       |       |       |     2 ||     2
    Use: Potion            |     2 |     2 |     2 |     1 |       |       |     1 |     5 |    10 ||    23
         Scroll            |     1 |     5 |     9 |     7 |     6 |     9 |     7 |    22 |    15 ||    81
   Stab: Sleeping          |     3 |       |     3 |     9 |     6 |     9 |    12 |     1 |     3 ||    46
         Petrified         |       |       |    11 |    40 |    97 |    88 |    21 |       |       ||   257
         Petrifying        |       |       |     2 |       |     6 |     3 |     1 |       |       ||    12
         Paralysed         |       |       |       |     1 |       |       |       |       |       ||     1
         Distracted        |       |       |       |       |       |       |       |     2 |     3 ||     5
 Armour: Robe              |    20 |    71 |    87 |   243 |   324 |       |       |       |       ||   745
         Animal skin       |       |       |       |       |       |   317 |   269 |   226 |   245 ||  1057
  Dodge: Dodged            |    36 |    80 |   115 |   289 |   281 |   144 |   254 |   299 |   258 ||  1756
  Block: Buckler           |       |       |       |       |    11 |    77 |       |       |       ||    88
         Reflection        |       |       |       |       |       |    11 |       |       |       ||    11

Table legend: (Time is in decaauts)
 A = Elapsed time spent in this place.
 B = Non-inter-level travel time spent in this place.
 C = Inter-level travel time spent in this place.
 D = Time resting spent in this place.
 E = Time spent auto-exploring this place.
 F = Levels seen in this place.
 G = Mean time per level.
                   A        B        C        D        E       F      G
               +--------+--------+--------+--------+--------+-----+--------+
         Total |  80881 |  72232 |   8649 |  18883 |  29799 |  52 | 1555.4 |
       Dungeon |  22025 |  18245 |   3780 |   5160 |   5141 |  15 | 1468.3 |
        Temple |    450 |    440 |     10 |    319 |      0 |   1 |  450.0 |
          Lair |  11276 |  10465 |    811 |   3667 |   3454 |   5 | 2255.2 |
         Swamp |   4112 |   3857 |    255 |    633 |   2547 |   4 | 1028.0 |
     Snake Pit |   7449 |   7093 |    356 |   1452 |   4092 |   4 | 1862.2 |
  Orcish Mines |   4145 |   3314 |    831 |    824 |   1215 |   2 | 2072.5 |
   Elven Halls |   4293 |   3677 |    616 |    553 |   1985 |   3 | 1431.0 |
        Vaults |   8299 |   7612 |    687 |    974 |   4618 |   5 | 1659.8 |
        Depths |   7093 |   6330 |    763 |   1277 |   3528 |   4 | 1773.2 |
           Zot |   8811 |   8274 |    537 |   2906 |   2912 |   5 | 1762.2 |
      Ice Cave |   1012 |   1012 |      0 |    396 |    164 |   1 | 1012.0 |
       Volcano |    867 |    867 |      0 |    452 |     56 |   1 |  867.0 |
        Wizlab |    539 |    539 |      0 |     79 |     87 |   1 |  539.0 |
      Gauntlet |    506 |    506 |      0 |    190 |      0 |   1 |  506.0 |
               +--------+--------+--------+--------+--------+-----+--------+

Top non-repeatable levels by time:
 Snake:4: 2675 daAuts
  Lair:5: 2642 daAuts
Depths:3: 2624 daAuts
Vaults:5: 2603 daAuts
   Zot:5: 2525 daAuts
  Lair:3: 2424 daAuts
 Snake:2: 2356 daAuts
    D:15: 2267 daAuts
   Orc:1: 2255 daAuts
  Lair:2: 2210 daAuts
  Lair:1: 2139 daAuts
    D:10: 2132 daAuts
Depths:4: 2115 daAuts
   Zot:2: 2062 daAuts
    D:13: 2039 daAuts
